 Dungeon Crawl Stone Soup version 0.24.0-124-g2791043dd8 (webtiles) character file.

Game seed: 8002726109059009058, levelgen mode: deterministic

582 Amplified the Cudgeler (level 7, -1/58 HPs)
             Began as a Minotaur Earth Elementalist on Feb 15, 2020.
             Was an Initiate of the Shining One.
             Slain by a rime drake (5 damage)
             ... on level 4 of the Dungeon.
             The game lasted 00:10:01 (4713 turns).

Amplified the Cudgeler (MiEE)                       Turns: 4713, Time: 00:10:02

Health: -1/58      AC:  4    Str: 15    XL:     7   Next: 14%
Magic:  8/8        EV:  8    Int: 12    God:    the Shining One [......]
Gold:   315        SH: 11    Dex: 12    Spells: 7/8 levels left

rFire    . . .     SeeInvis .   a - +2 mace (venom)
rCold    . . .     Gourm    .   m - +0 large shield
rNeg     . . .     Faith    .   e - +1 leather armour
rPois    .         Spirit   .   (helmet restricted)
rElec    .         Reflect  .   (no cloak)
rCorr    .         Harm     .   (no gloves)
MR       .....                  (no boots)
Stlth    +.........             (no amulet)
HPRegen  0.19/turn              i - +2 ring of dexterity
MPRegen  0.11/turn              (no ring)

@: frozen, glowing, very slow
A: retaliatory headbutt, horns 2
a: Renounce Religion


You were on level 4 of the Dungeon.
You worshipped the Shining One.
The Shining One was noncommittal.
You were not hungry.

You visited 2 branches of the dungeon, and saw 5 of its levels.

You collected 315 gold pieces.

Inventory:

Hand Weapons
 a - a +2 mace of venom (weapon)
 j - a cursed -3 spear
 o - a +2 trident of venom
Missiles
 b - 192 stones
 h - 9 poisoned darts (quivered)
Armour
 e - a +1 leather armour (worn)
 k - a +0 ring mail
 m - a +0 large shield (worn)
Jewellery
 i - a +2 ring of dexterity (left hand)
Scrolls
 g - 3 scrolls of enchant armour
 q - a scroll of magic mapping
Potions
 f - 2 potions of magic
Comestibles
 d - 4 rations


   Skills:
 + Level 3.7 Fighting
 * Level 5.6 Maces & Flails
 - Level 3.5 Armour
 - Level 4.0 Dodging
 - Level 1.5 Stealth
 * Level 1.7 Shields
 - Level 1.3 Spellcasting
   Level 0.7 Transmutations
 - Level 2.4 Earth Magic


You had 7 spell levels left.
You knew the following spells:

 Your Spells              Type           Power        Failure   Level  Hunger
a - Sandblast             Erth           #.....       95%         1    ##.....

Your spell library contained the following spells:

 Spells                   Type           Power        Failure   Level  Hunger
 Passwall                 Tmut/Erth      #.......     99%         2    ###....
 Stone Arrow              Conj/Erth      #.....       100%        3    ####...
 Petrify                  Tmut/Erth      #.......     100%        4    #####..
 Lee's Rapid Deconstruct  Erth           #.........   100%        5    ######.


Dungeon Overview and Level Annotations

Branches:
Dungeon (4/15)             Temple (1/1) D:4

Altars:
Ashenzari
Cheibriados
Dithmenos
Elyvilon
Fedhas
Gozag
Hepliaklqana
Kikubaaqudgha
Makhleb
Nemelex Xobeh
Okawaru
Qazlal
Ru
Sif Muna
Trog
Uskayaw
Vehumet
Wu Jian
Xom
Yredelemnul
Zin
The Shining One


Innate Abilities, Weirdness & Mutations

You reflexively headbutt those who attack you in melee.
You have a pair of horns on your head.


Message History

You are encased in ice.
You block the rime drake's attack.
Unknown command.
Unknown command.
Unknown command.
You hit the rime drake but do no damage.
The rime drake looks as sick as possible!
You headbutt the rime drake.
The rime drake is severely wounded.
The rime drake bites you.
* * * LOW HITPOINT WARNING * * *
Unknown command.
Unknown command.
Unknown command.
Unknown command.
Unknown command.
You barely miss the rime drake.
The rime drake is severely wounded.
The rime drake bites you.
You die...

#.# .# #.....P≈≈≈........# #
####.###.# #.....≈≈≈≈).......# #
#.....#..# #......≈≈≈≈.......# #
#.P.P...# #......≈≈≈≈...#####
#..>...## #......≈≈≈≈...## #
#.P.P..# #....P≈≈≈P≈≈...## ##
#......########..≈≈≈≈≈≈....####.
###..........##k≈≈≈≈≈≈≈..#..##..
##..######...@..≈≈≈PP..##.##.#
#..########)...≈≈≈≈≈≈..#....#
##.............≈≈≈≈P≈..###..#
##.........#..≈≈≈≈≈≈........
##.......##..≈≈≈≈≈≈≈..##..#
#O......##.≈PP≈≈≈≈...###.#
#<.....)....≈≈≈≈≈P....##.#
#)...)..#...P.≈≈≈≈≈≈...#.#
#.......#....≈%≈≈≈≈≈.....#


You could see a rime drake.

Vanquished Creatures
  A phantom (D:4)
  A scorpion (D:4)
  A hound (D:4)
  An orc priest (D:4)
  A centaur skeleton (D:4)
  A gnoll shaman (D:3)
  2 orc wizards
  An iguana (D:4)
  2 worker ants (D:4)
  4 gnolls (D:4)
  5 adders
  A shadow imp (D:2)
  An ooze (D:3)
  2 adder skeletons (D:4)
  2 worms
  A dart slug (D:2)
  2 leopard geckos
  10 orcs
  6 giant cockroaches
  11 goblins
  11 hobgoblins
  2 quokkas (D:4)
  A ball python (D:3)
  6 bats
  5 frilled lizards
  A jackal skeleton (D:4)
  4 kobolds (D:1)
  9 rats
  A fungus (D:3)
96 creatures vanquished.

Vanquished Creatures (others)
  2 plants (D:4)
  3 toadstools (D:3)
5 creatures vanquished.

Grand Total: 101 creatures vanquished

Notes
Turn   | Place    | Note
-------+----------+-------------------------------------------
     0 | D:1      | Amplified the Minotaur Earth Elementalist began the quest
                  | for the Orb.
     0 | D:1      | Reached XP level 1. HP: 14/14 MP: 1/1
   358 | D:1      | Reached skill level 1 in Maces & Flails
   361 | D:1      | Reached XP level 2. HP: 22/22 MP: 3/3
   845 | D:2      | Reached skill level 1 in Fighting
   845 | D:2      | Reached skill level 1 in Armour
  1108 | D:2      | Reached skill level 2 in Maces & Flails
  1108 | D:2      | Reached XP level 3. HP: 19/28 MP: 4/4
  1925 | D:3      | Reached XP level 4. HP: 35/36 MP: 5/5
  2034 | D:3      | Reached skill level 3 in Maces & Flails
  2843 | D:2      | Reached XP level 5. HP: 32/41 MP: 6/6
  3324 | D:4      | Found a glowing silver altar of Zin.
  3458 | D:4      | Reached skill level 4 in Maces & Flails
  3609 | D:4      | Reached XP level 6. HP: 43/50 MP: 7/7
  4012 | D:4      | Reached skill level 5 in Maces & Flails
  4146 | D:4      | Found a staircase to the Ecumenical Temple.
  4156 | Temple   | Entered the Ecumenical Temple
  4258 | Temple   | Became a worshipper of the Shining One
  4366 | D:4      | Reached skill level 1 in Shields
  4366 | D:4      | Reached XP level 7. HP: 26/57 MP: 8/8
  4703 | D:4      | Noticed a rime drake
  4703 | D:4      | an ogre changed into a rime drake
  4713 | D:4      | Slain by a rime drake

Levels and vault maps discovered:
D:1:      dpeg_arrival_pond, layout_loops_ring
D:2:      layout_basic
D:3:      cheibrodos_greedy_goblins, layout_basic, minmay_gold_behind_fungi
D:4:      layout_rooms, lemuel_doored_altar, minmay_temple_entry_trees,
          chequers_big_river
Temple:   grunt_wide_crystal_templ

Skill      XL: |  1  2  3  4  5  6 |
---------------+-------------------+-----
Maces & Flails | 1 2 3 4 5 |  5.6
Fighting       | 1 2 3 |  3.7
Armour         | 1 2 3 |  3.5
Dodging        | 3 4 |  4.0
Shields        | 1 |  1.7
Stealth        | |  1.5
Spellcasting   | |  1.3
Transmutations | |  0.7
Earth Magic    | |  2.4

Action                   |  1- 3 |  4- 6 |  7- 9 || total
-------------------------+-------+-------+-------++-------
Melee: Mace              |    65 |   124 |    18 ||   207
       Headbutt          |     7 |    15 |     3 ||    25
Throw: Stone             |       |     4 |       ||     4
       Dart              |       |    12 |       ||    12
Evoke: Wand              |       |     6 |     6 ||    12
  Use: Scroll            |     6 |     4 |       ||    10
       Potion            |     3 |     3 |     1 ||     7
 Stab: Sleeping          |     3 |       |       ||     3
  Eat: Chunk             |     2 |     2 |     1 ||     5
       Ration            |     1 |     1 |       ||     2
Armor: Leather armour    |    22 |    33 |     2 ||    57
Dodge: Dodged            |    49 |    95 |     4 ||   148
Block: Large shield      |       |     8 |    17 ||    25
